 Dungeon Crawl Stone Soup version 0.32-a0-768-g0f6f1dd4b9 (webtiles) character file.

Game seed: 13621081617137177864

1362 smashvw the Shield-Bearer (level 8, 0/67 HPs)
             Began as a Gnoll Fighter on Mar 19, 2024.
             Was a Believer of Yredelemnul.
             Constricted to death by Pikel (2 damage)
             ... on level 6 of the Dungeon.
             The game lasted 00:09:16 (5055 turns).

smashvw the Shield-Bearer (Gnoll Fighter)           Turns: 5055, Time: 00:09:16

Health: 0/67       AC: 13    Str: 17    XL:     8   Next: 64%
Magic:  6/13       EV:  0    Int:  7    God:    Yredelemnul [**....]
Gold:   92         SH:  5    Dex: 13    Spells: 14/14 levels left

rFire   . . .        a - +0 long sword
rCold   . . .        c - +0 buckler
rNeg    . . .        b - +0 scale mail
rPois   .            A - +0 helmet
rElec   .            j - +0 cloak
rCorr   +            x - +0 pair of gloves
SInv    .            z - +0 pair of boots
Will    .....        (no amulet)
Stlth   +            D - ring of resist corrosion
HPRegen 0.31/turn    (no ring)
MPRegen 0.13/turn

%: no passive effects
@: grasped by roots, wreathed by umbra, constricted
A: fangs 1, strong nose, distributed training
a: Renounce Religion, Light the Black Torch, Recall Undead Harvest, Hurl
Torchlight


You were on level 6 of the Dungeon.
You worshipped Yredelemnul.
Yredelemnul was noncommittal.
You visited 1 branch of the dungeon, and saw 6 of its levels.

You collected 300 gold pieces.
You spent 208 gold pieces at shops.

Inventory:

Hand Weapons
 a - a +0 long sword (weapon)
 s - a +2 heavy spear
 y - a +0 orcbow
Missiles
 d - 4 curare-tipped darts
 e - 48 stones (quivered)
 t - 13 poisoned darts
 C - a boomerang
Armour
 b - a +0 scale mail (worn)
 c - a +0 buckler (worn)
 j - a +0 cloak (worn)
 x - a +0 pair of gloves (worn)
 z - a +0 pair of boots (worn)
 A - a +0 helmet (worn)
Jewellery
 h - a ring of positive energy
 D - a ring of resist corrosion (left hand)
Talismans
 v - a flux talisman
 G - a serpent talisman
Scrolls
 n - a scroll of noise {unknown}
 o - 2 scrolls of immolation {unknown}
 p - 4 scrolls of teleportation {unknown}
 q - a scroll of torment {unknown}
 u - 2 scrolls of identify {unknown}
 B - a scroll of silence {unknown}
 E - a scroll of enchant weapon {unknown}
Potions
 f - 4 potions of invisibility
 g - 3 potions of cancellation {unknown}
 i - 2 potions of mutation {unknown}
 k - a potion of degeneration {unknown}
 l - a potion of haste {unknown}
 m - a potion of resistance {unknown}
 r - a potion of magic {unknown}
 w - 2 potions of might
 F - 2 potions of brilliance {unknown}


   Skills:
 + Level 7.5 Fighting
 + Level 3.6 Short Blades
 + Level 5.9 Long Blades
 + Level 3.6 Axes
 + Level 3.6 Maces & Flails
 + Level 3.6 Polearms
 + Level 3.6 Staves
 + Level 3.6 Ranged Weapons
 + Level 3.6 Throwing
 + Level 7.5 Armour
 + Level 3.6 Dodging
 + Level 3.6 Stealth
 + Level 7.5 Shields
 + Level 3.6 Unarmed Combat
 + Level 3.6 Spellcasting
 + Level 2.9 Conjurations
 + Level 2.9 Hexes
 + Level 2.9 Summonings
 + Level 2.9 Necromancy
 + Level 2.9 Translocations
 + Level 2.9 Fire Magic
 + Level 2.9 Ice Magic
 + Level 2.9 Air Magic
 + Level 2.9 Earth Magic
 + Level 2.9 Alchemy
 + Level 4.0 Invocations
 + Level 3.6 Evocations
 + Level 3.2 Shapeshifting


You had 14 spell levels left.
You didn't know any spells.
Your spell library contained the following spells:

 Spells                   Type           Power      Damage    Failure   Level
 Kiss of Death            Conj/Necr      20%        2d7       34%         1
 Shock                    Conj/Air       20%        1d4       34%         1
 Ensorcelled Hibernation  Hex/Ice        10%        N/A       45%         2
 Confusing Touch          Hex            5%         N/A       71%         3
 Fugue of the Fallen      Necr           5%         N/A       71%         3
 Swiftness                Air            5%         N/A       71%         3
 Airstrike                Air            2%         2d(1-17)  98%         4
 Anguish                  Hex/Necr       2%         N/A       98%         4
 Dispel Undead            Necr           5%         3d7       98%         4
 Manifold Assault         Tloc           5%         N/A       98%         4
 Vhi's Electric Charge    Tloc/Air       10%        N/A       98%         4
 Arcjolt                  Conj/Air       2%         1d12      100%        5
 Dispersal                Tloc           2%         N/A       100%        6
 Plasma Beam              Fire/Air       2%         2x1d12    100%        6
 Disjunction              Tloc           2%         N/A       100%        8


Dungeon Overview and Level Annotations

Branches:
Dungeon (6/15)
 Temple: D:4-7

Altars:
Okawaru
Yredelemnul

Shops:
D:4 !

Annotations:
D:6 Pikel


Innate Abilities, Weirdness & Mutations

You have very sharp teeth.
Your uncanny sense of smell can sniff out nearby items.
Your experience applies equally to all skills.


Message History

Pikel barely misses you. You block the phantom's attack.
The howler monkey barely misses you. The lemure hits you but does no damage.
The lemure barely misses you.
You hit the phantom.
The phantom is heavily damaged.
A centaur comes into view.
Pikel hits you but does no damage. The howler monkey closely misses you.
The phantom closely misses you. You block the lemure's attack.
The lemure hits you.
* * * LOW HITPOINT WARNING * * *
You hit the phantom but do no damage.
The phantom is heavily damaged.
The centaur wields a +0 orcbow.
The centaur shoots an arrow.
The arrow hits you!
* * * LOW HITPOINT WARNING * * *
The howler monkey misses you.
Pikel zaps a wand.
The roots erupt in riotous growth!
The grasping roots grab you!
The phantom is unaffected.
Pikel is unaffected.
The lemure is unaffected.
The howler monkey is unaffected.
The lemure is unaffected.
The grasping roots constrict you.
The phantom hits you but does no damage.
The lemure hits you but does no damage. x2; The centaur shoots an arrow.
The arrow hits you.
* * * LOW HITPOINT WARNING * * *
You escape the roots' grasp.
The howler monkey hits you but does no damage.
Pikel cracks his whip.
Pikel hits you but does no damage. You block the phantom's attack.
The howler monkey hits you but does no damage.
You block Pikel's attack.
The phantom hits you but does no damage.
The howler monkey hoots and howls with incredible vigour!
You hear an angry growl.
You hear a shout!
Pikel zaps a wand.
The roots erupt in riotous growth!
The grasping roots grab you!
Pikel is unaffected.
The grasping roots constrict you.
You die...
Pikel says, "Another soul for the market."
Your body rises from the dead as a mindless zombie.

###...##.........#
####......'.........+
#####..#......##......$#
.......#.......# ..... ∆
###.#..'.......####c####
#.#..#.......#.55....#
###.#..#.z....##.W.....##
...zZ..#......+..Kh.....+
###.######z..##.@.......##
###.# #'#.#...........#
....######.#####.......###
###........'## #'#...#'# #
########...###.#####...
### ##.....#..# .##.' #.##
##........## . ##
...####.........####....
......'.........'.......


You could see Pikel, 2 lemures, a phantom, a centaur and a howler monkey.

Vanquished Creatures
  Sigmund (D:2)
  A black bear (D:5)
  2 lemures (D:6)
  Dowan (D:5)
  4 hounds
  3 bombardier beetles
  2 jellies (D:5)
  2 iguanas (D:5)
  2 sleepcaps (D:5)
  An orc wizard (D:5)
  A gnoll (D:5)
  4 adders
  A white imp (D:5)
  2 ufetubi
  4 dart slugs
  4 ribbon worms
  6 orcs
  4 bats
  4 endoplasms
  4 goblins
  13 hobgoblins
  3 jackals (D:3)
  8 kobolds
  7 quokkas
  5 ball pythons
  3 frilled lizards
  6 rats
98 creatures vanquished.

Vanquished Creatures (collateral kills)
  Duvessa (D:5)
  An ogre (D:5)
  A scorpion (D:5)
  A bombardier beetle (D:5)
  A howler monkey (D:5)
  3 hounds
  A gnoll bouda (D:5)
  3 gnolls (D:5)
  2 ufetubi
  An orc (D:5)
  A ball python (D:3)
  A jackal (D:3)
  A rat (D:3)
18 creatures vanquished.

Vanquished Creatures (others)
  4 hound zombies
  A howler monkey zombie (D:5)
  An elf zombie (D:5)
  An adder zombie (D:5)
  A bat zombie (D:3)
  2 gnoll zombies (D:5)
  A bombardier beetle zombie (D:5)
  A jackal zombie (D:3)
  A rat zombie (D:3)
  2 spectral ufetubi
15 creatures vanquished.

Grand Total: 131 creatures vanquished

Notes
Turn   | Place    | Note
-------+----------+-------------------------------------------
     0 | D:1      | smashvw the Gnoll Fighter began the quest for the Orb.
     0 | D:1      | Reached XP level 1. HP: 23/23 MP: 1/1
    94 | D:1      | Reached XP level 2. HP: 27/29 MP: 2/2
   607 | D:1      | Reached XP level 3. HP: 35/35 MP: 3/3
  1007 | D:2      | Noticed Sigmund
  1011 | D:2      | Reached skill level 1 in Invocations
  1017 | D:2      | Killed Sigmund
  1018 | D:2      | Reached skill level 1 in Short Blades
  1018 | D:2      | Reached skill level 1 in Axes
  1018 | D:2      | Reached skill level 1 in Maces & Flails
  1018 | D:2      | Reached skill level 1 in Polearms
  1018 | D:2      | Reached skill level 1 in Staves
  1018 | D:2      | Reached skill level 1 in Ranged Weapons
  1018 | D:2      | Reached skill level 1 in Throwing
  1018 | D:2      | Reached skill level 1 in Dodging
  1018 | D:2      | Reached skill level 1 in Stealth
  1018 | D:2      | Reached skill level 1 in Unarmed Combat
  1018 | D:2      | Reached skill level 1 in Spellcasting
  1018 | D:2      | Reached skill level 1 in Conjurations
  1018 | D:2      | Reached skill level 1 in Hexes
  1018 | D:2      | Reached skill level 1 in Summonings
  1018 | D:2      | Reached skill level 1 in Necromancy
  1018 | D:2      | Reached skill level 1 in Translocations
  1018 | D:2      | Reached skill level 1 in Fire Magic
  1018 | D:2      | Reached skill level 1 in Ice Magic
  1018 | D:2      | Reached skill level 1 in Air Magic
  1018 | D:2      | Reached skill level 1 in Earth Magic
  1018 | D:2      | Reached skill level 1 in Alchemy
  1018 | D:2      | Reached skill level 1 in Evocations
  1018 | D:2      | Reached skill level 1 in Shapeshifting
  1018 | D:2      | Reached XP level 4. HP: 19/41 MP: 4/6
  1018 | D:2      | Reached XP level 5. HP: 22/47 MP: 4/7
  1540 | D:2      | Reached XP level 6. HP: 52/53 MP: 8/8
  1789 | D:2      | Found a basalt altar of Yredelemnul.
  1795 | D:2      | Became a worshipper of Yredelemnul the Fallen
  1953 | D:3      | Reached skill level 5 in Long Blades
  2692 | D:4      | Found Pudunihi's Distillery.
  2697 | D:4      | Bought 2 potions of invisibility for 208 gold pieces
  2872 | D:4      | Reached * piety under Yredelemnul
  3297 | D:5      | Entered Level 5 of the Dungeon
  3339 | D:5      | Noticed Duvessa
  3339 | D:5      | Noticed Dowan
  3354 | D:5      | Killed Duvessa
  3355 | D:5      | Reached XP level 7. HP: 55/60 MP: 10/10
  3374 | D:5      | Killed Dowan
  3711 | D:5      | Reached XP level 8. HP: 20/67 MP: 12/12
  3712 | D:5      | Your ally Duvessa died
  4183 | D:5      | Reached ** piety under Yredelemnul
  4437 | D:5      | Found an iron altar of Okawaru.
  5021 | D:6      | Noticed Pikel
  5051 | D:6      | HP: 1/67 [centaur/arrow (3)]
  5055 | D:6      | Constricted to death by Pikel

Illustrated notes

Levels and vault maps discovered:
D:1:      dpeg_arrival_round_c, layout_basic, minmay_misc_feat_rows,
          grunt_decor_mini_mirrors, interstate_on_off
D:2:      wad_river_or_something, layout_basic, basic_altar, uniq_sigmund
D:3:      layout_basic
D:4:      layout_loops_ring, serial_shops, nicolae_shop_rolling_square,
          dk_noncrumbling_4
D:5:      minmay_opposing_rooms, layout_cave_pools, kennysheep_mini_moat,
          serial_co_window_serial, co_window_paths_a, co_window_corner_a,
          co_window_of_opportunity_a, co_window_corner_a, co_window_paths_a,
          co_window_broadway_c, co_window_paths_c, co_window_cross_3,
          co_window_broadway_c, co_window_unsneaky_path_b, co_window_broadway_b,
          co_window_2corner, glass_columns_a, uniq_duvessa
D:6:      nicolae_cairo_tiling_very_big, layout_loops_corners,
          minmay_temple_entry_tees, uniq_pikel

Skill      XL: |  1  2  3  4  5  6  7  8 |
---------------+-------------------------+-----
Invocations    | 1 2 3 4 |  4.0
Short Blades   | 1 2 3 |  3.6
Axes           | 1 2 3 |  3.6
Maces & Flails | 1 2 3 |  3.6
Polearms       | 1 2 3 |  3.6
Staves         | 1 2 3 |  3.6
Ranged Weapons | 1 2 3 |  3.6
Throwing       | 1 2 3 |  3.6
Dodging        | 1 2 3 |  3.6
Stealth        | 1 2 3 |  3.6
Unarmed Combat | 1 2 3 |  3.6
Spellcasting   | 1 2 3 |  3.6
Conjurations   | 1 2 |  2.9
Hexes          | 1 2 |  2.9
Summonings     | 1 2 |  2.9
Necromancy     | 1 2 |  2.9
Translocations | 1 2 |  2.9
Fire Magic     | 1 2 |  2.9
Ice Magic      | 1 2 |  2.9
Air Magic      | 1 2 |  2.9
Earth Magic    | 1 2 |  2.9
Alchemy        | 1 2 |  2.9
Evocations     | 1 2 3 |  3.6
Shapeshifting  | 1 2 3 |  3.2
Long Blades    | 5 |  5.9
Fighting       | 7 |  7.5
Armour         | 7 |  7.5
Shields        | 7 |  7.5

Action                     |  1- 3 |  4- 6 |  7- 9 || total
---------------------------+-------+-------+-------++-------
  Melee: Long sword        |    96 |   155 |   166 ||   417
         Bite              |     4 |    11 |    25 ||    40
 Invoke: Light the Black T |       |     4 |     1 ||     5
         Hurl Torchlight   |       |       |     2 ||     2
    Use: Potion            |     1 |       |       ||     1
   Stab: Distracted        |       |       |     6 ||     6
 Armour: Scale mail        |    78 |    79 |   178 ||   335
  Dodge: Dodged            |    31 |    84 |   111 ||   226
  Block: Buckler           |    32 |    47 |    61 ||   140

Table legend: (Time is in decaauts)
 A = Elapsed time spent in this place.
 B = Non-inter-level travel time spent in this place.
 C = Inter-level travel time spent in this place.
 D = Time resting spent in this place.
 E = Time spent auto-exploring this place.
 F = Levels seen in this place.
 G = Mean time per level.
                   A        B        C        D        E       F      G
               +--------+--------+--------+--------+--------+-----+--------+
         Total |   5128 |   4983 |    145 |      0 |   3981 |   6 |  854.7 |
       Dungeon |   5128 |   4983 |    145 |      0 |   3981 |   6 |  854.7 |
               +--------+--------+--------+--------+--------+-----+--------+

Top non-repeatable levels by time:
     D:5: 1592 daAuts
     D:1: 969 daAuts
     D:2: 962 daAuts
     D:4: 794 daAuts
     D:3: 617 daAuts
     D:6: 191 daAuts
